 Dungeon Crawl Stone Soup version 0.22.0-16-gc6d26f6 (webtiles) character file.

4909 HaroldButt the Arsonist (level 10, -5/69 HPs)
             Began as a Green Draconian Fire Elementalist on Aug 16, 2018.
             Was a Believer of Vehumet.
             Hit by a large rock thrown by a cyclops (10 damage)
             ... on level 9 of the Dungeon on Aug 17, 2018.
             The game lasted 00:56:30 (9145 turns).

HaroldButt the Arsonist (DrFE)                      Turns: 9145, Time: 00:56:31

Health: -5/69      AC: 10    Str: 11    XL:     10   Next: 27%
Magic:  19/28      EV: 12    Int: 19    God:    Vehumet [**....]
Gold:   349        SH:  0    Dex: 11    Spells: 5/21 levels left

rFire    . . .     SeeInvis .   w - +0 long sword (protect)
rCold    . . .     Gourm    .   (no shield)
rNeg     . . .     Faith    .   (armour unavailable)
rPois    +         Spirit   .   (helmet restricted)
rElec    .         Reflect  .   r - +2 cloak
rCorr    .         Harm     .   (no gloves)
MR       +....                  (no boots)
Stlth    ++........             (no amulet)
HPRegen  0.21/turn              t - ring of magical power
MPRegen  0.21/turn              q - ring of protection from magic

@: short of breath
A: breathe noxious fumes, unfitting armour, mutation resistance 1, sense
surroundings 1, poison resistance, cold-blooded, AC +7
a: Breathe Noxious Fumes, Renounce Religion


You were on level 9 of the Dungeon.
You worshipped Vehumet.
Vehumet was pleased with you.
You were hungry.

You visited 2 branches of the dungeon, and saw 10 of its levels.

You collected 349 gold pieces.


Innate Abilities, Weirdness & Mutations

You can breathe blasts of noxious fumes.
Your lurid green scales are hard. (AC +7)
You cannot fit into any form of body armour.
Your system is resistant to poisons. (rPois)
You are cold-blooded and may be slowed by cold attacks.
You are somewhat resistant to further mutation.
You passively map a small area around you.


   Skills:
 - Level 1.7 Dodging
 - Level 1.7 Stealth
 - Level 6.1 Spellcasting
 + Level 10.0 Conjurations
 - Level 10.0 Fire Magic


You had 5 spell levels left.
You knew the following spells:

 Your Spells              Type           Power        Failure   Level  Hunger
c - Sticky Flame          Conj/Fire      #####...     1%          4    ####...
v - Fireball              Conj/Fire      #####.....   4%          5    #####..
x - Throw Flame           Conj/Fire      #####.       1%          2    None
y - Sting                 Conj/Pois      ###.         1%          1    None
z - Flame Tongue          Conj/Fire      #####        1%          1    None
Z - Conjure Flame         Conj/Fire      #####...     1%          3    ##.....

Your spell library contained the following spells:

 Spells                   Type           Power        Failure   Level  Hunger
 Inner Flame              Hex/Fire       ###.....     4%          3    ##.....

Inventory:

Hand Weapons
 u - a +2 short sword of speed
 w - a +0 long sword of protection (weapon)
 y - a +2 halberd of freezing
 z - a +1 dagger of pain
 A - a +3 quarterstaff of chaos
Armour
 e - a +0 buckler
 r - a +2 cloak (worn)
Jewellery
 k - a +2 ring of dexterity
 m - a +2 ring of protection
 q - a ring of protection from magic (right hand)
 t - a ring of magical power (left hand)
 v - an uncursed ring of positive energy
Wands
 s - a wand of acid (6)
 C - a wand of clouds (6)
Scrolls
 a - a scroll of teleportation {@r4}
 d - 3 scrolls of remove curse
 h - a scroll of immolation {!r}
 j - a scroll of identify {@r1}
 o - 3 scrolls of amnesia
 x - a scroll of magic mapping
 B - a scroll of fog
Potions
 c - 6 potions of curing {@q1}
 f - 2 potions of brilliance
 g - 2 potions of mutation {!q}
 i - 2 potions of invisibility
 l - a potion of agility {unknown}
 n - a potion of flight
 p - a potion of ambrosia {unknown}
Comestibles
 b - 15 rations

Dungeon Overview and Level Annotations

Branches:
Dungeon (9/15)             Temple (1/1) D:6             Orc (0/2) D:9
   Lair: D:8-11

Altars:
Ashenzari
Cheibriados
Elyvilon
Gozag
Kikubaaqudgha
Makhleb
Okawaru
Qazlal
Ru
Sif Muna
Trog
Uskayaw
Vehumet
Wu Jian
Zin
The Shining One

Shops:
D:4 [   D:8 [

Annotations:
D:5 1 runed door, sleipnir007's ghost, novice MiFi

, ..., ...... , , , ▒..
..... ..░ , ,
▒.C▒▒..▒░▒... ▒▒..
▒▒...▒?▒▒....▒
▒..▒▒▒...).C%....▒
▒..▒▒...)▒▒C▒...▒▒
▒..▒...▒▒▒(.▒▒..▒, ,
▒..▒.........▒ .▒ ,
▒..▒▒..d.....▒ (.
▒▒▒▒▒▒▒..▒▒▒▒.▒▒▒..(..▒..
, ....>....▒▒.....▒▒....▒
. ▒▒▒▒▒▒▒▒.▒.......▒▒..▒▒
, , ▒.▒.......▒▒▒▒▒▒▒▒▒..
▒.()................. ░
▒..▒.▒.▒...▒▒........ ░
▒..▒(.....▒▒▒.....£.., ,
▒..▒▒▒▒▒..▒▒▒....... ,


You could see a cyclops.


Message History

You hit the troll.
The troll is almost dead.
The troll closely misses you. The troll claws you.
* * * LOW HITPOINT WARNING * * *
You feel better.
The troll burns!
The troll bites you but does no damage. The troll claws you but does no damage.
The troll claws you but does no damage.
Use which ability? (? or * to list)
Press: ? - help, Shift-Dir - straight line, f - cyclops, p - troll
Aim: a cyclops You exhale a blast of noxious fumes.
The blast of choking fumes hits the troll.
The troll is almost dead.
The blast of choking fumes hits the cyclops.
The cyclops is lightly wounded.
You are feeling hungry.
The troll burns!
You kill the troll!
Vehumet accepts your kill.
Your Conjurations skill increases to level 10!
The cyclops is engulfed in noxious fumes.
The cyclops throws a large rock.
The large rock hits you!!
* * * LOW HITPOINT WARNING * * *
The cyclops throws a large rock.
The large rock hits you!
You die...

Action                   |  1- 3 |  4- 6 |  7- 9 | 10-12 || total
-------------------------+-------+-------+-------+-------++-------
Melee: Dagger            |    62 |    89 |   102 |       ||   253
       Tailslap          |    10 |     8 |    22 |     5 ||    45
       Quarterstaff      |       |       |   201 |       ||   201
       Short sword       |       |       |    42 |    12 ||    54
       Long sword        |       |       |       |    12 ||    12
       Halberd           |       |       |       |     2 ||     2
 Cast: Flame Tongue      |    53 |   129 |   175 |     5 ||   362
       Throw Flame       |       |     2 |     7 |       ||     9
       Conjure Flame     |       |     1 |     2 |       ||     3
       Sticky Flame      |       |       |    44 |    11 ||    55
       Sting             |       |       |     6 |    15 ||    21
 Abil: Breathe Noxious F |       |       |     2 |     1 ||     3
  Use: Potion            |     3 |       |     2 |     2 ||     7
       Scroll            |       |     3 |    15 |     1 ||    19
 Stab: Sleeping          |     2 |     5 |     2 |       ||     9
       Confused          |       |       |     1 |       ||     1
  Eat: Chunk             |     2 |     8 |    20 |     4 ||    34
       Ration            |       |       |     1 |       ||     1
Armor: Skin              |    37 |    49 |   192 |    21 ||   299
Dodge: Dodged            |    68 |   110 |   315 |    23 ||   516
       Rpst.: Long sword |       |       |       |     4 ||     4

Vault maps used:
D:1:      lightli_arrival_statue_moat
D:3:      lemuel_round_altar, nicolae_qazlal_general_emergency,
          chequers_ecumenical_altar_twisty
D:4:      nicolae_overflow_crystal_walls, serial_shops, kennysheep_little_box,
          uniq_robin
D:5:      tso_oasis_becter, first_ration, basic_altar,
          ebering_ghost_inner_flame, minmay_small_thing, uniq_crazy_yiuf_cottage
D:6:      lemuel_crystal_altar, overflow_temple_1_default,
          nicolae_ru_sacrificial_ziggurat, gammafunk_temple_overflow_statue,
          elyvilon_altar_5, temple_statues, nicolae_gozag_seed_capital,
          uniq_eustachio
D:7:      lemuel_doored_altar
D:8:      lemuel_crystal_altar, serial_shops, kennysheep_mini
D:9:      minmay_curly_fans, brannock_xom_greatest_gift, serial_shops,
          nicolae_shop_stone, shop, nicolae_shop_waterfront, the_bakery,
          dk_noncrumbling_4, minmay_misc_feat_chi, uniq_joseph
Temple:   nicolae_temple_figure_zero

Notes
Turn   | Place    | Note
-------+----------+-------------------------------------------
     0 | D:1      | HaroldButt the Draconian Fire Elementalist began the quest for the Orb.
     0 | D:1      | Reached XP level 1. HP: 14/14 MP: 3/3
   154 | D:1      | Reached XP level 2. HP: 20/20 MP: 0/5
   358 | D:1      | Reached skill level 4 in Fire Magic
   650 | D:1      | Reached XP level 3. HP: 25/26 MP: 3/6
   739 | D:1      | Gained mutation: Scrolls take you a little longer to read. [potion of mutation]
   739 | D:1      | Gained mutation: Your mind is acute. (Int +2) [potion of mutation]
   739 | D:1      | Gained mutation: You expend magic power (3 MP) to strengthen your wands. [potion of mutation]
  1116 | D:1      | Learned a level 2 spell: Throw Flame
  1120 | D:1      | Learned a level 3 spell: Conjure Flame
  1194 | D:2      | Reached skill level 5 in Fire Magic
  1194 | D:2      | Reached XP level 4. HP: 33/33 MP: 2/7
  1456 | D:2      | Noticed an orc warrior
  1507 | D:2      | Reached XP level 5. HP: 38/38 MP: 0/8
  1717 | D:3      | Found a faded altar of an unknown god.
  1738 | D:3      | Reached skill level 6 in Fire Magic
  1761 | D:3      | Found a stormy altar of Qazlal.
  2044 | D:3      | Reached skill level 2 in Conjurations
  2252 | D:3      | Found a deep blue altar of Sif Muna.
  2489 | D:3      | Reached skill level 3 in Conjurations
  2489 | D:3      | Reached XP level 6. HP: 45/45 MP: 2/9
  2634 | D:4      | Found an ornate altar of the Wu Jian Council.
  2643 | D:4      | Noticed Robin
  2665 | D:4      | Killed Robin
  2774 | D:4      | Found Unac's Armour Shoppe.
  2778 | D:4      | Reached skill level 4 in Conjurations
  3288 | D:5      | Entered Level 5 of the Dungeon
  3348 | D:5      | Found a glowing golden altar of the Shining One.
  3430 | D:5      | Reached skill level 5 in Conjurations
  3430 | D:5      | Your scales start taking on a lurid green colour.
  3430 | D:5      | Reached XP level 7. HP: 50/50 MP: 3/10
  3430 | D:5      | Gained mutation: Your system is resistant to poisons. (rPois) [Green Draconian growth]
  3444 | D:5      | Found a runed door.
  3445 | D:5      | Noticed sleipnir007's ghost (novice MiFi)
  3708 | D:5      | Reached skill level 6 in Conjurations
  3741 | D:5      | Found an ancient bone altar of Kikubaaqudgha.
  3759 | D:5      | Learned a level 4 spell: Sticky Flame
  3835 | D:5      | Reached skill level 3 in Spellcasting
  3987 | D:5      | Lost mutation: Scrolls take you a little longer to read. [potion of mutation]
  3987 | D:5      | Lost mutation: Your mind is acute. (Int +2) [potion of mutation]
  3987 | D:5      | Lost mutation: You expend magic power (3 MP) to strengthen your wands. [potion of mutation]
  3987 | D:5      | Gained mutation: You passively map a small area around you. [potion of mutation]
  3987 | D:5      | Gained mutation: You are somewhat resistant to further mutation. [potion of mutation]
  4276 | D:5      | Found a runed door.
  4432 | D:5      | Noticed Crazy Yiuf
  4441 | D:5      | Killed Crazy Yiuf
  4493 | D:6      | Found an opulent altar of Gozag.
  4504 | D:6      | Reached skill level 4 in Spellcasting
  4532 | D:6      | Upgraded the game from 0.22.0-13-g43fe8f2 to 0.22.0-16-gc6d26f6
  4537 | D:6      | Found a sacrificial altar of Ru.
  4618 | D:6      | Reached XP level 8. HP: 57/57 MP: 8/14
  4687 | D:6      | Reached skill level 5 in Spellcasting
  4934 | D:6      | Noticed Eustachio
  5013 | D:6      | Killed Eustachio
  5013 | D:6      | Reached skill level 6 in Spellcasting
  5038 | D:6      | Found a white marble altar of Elyvilon.
  5131 | D:6      | Learned a level 5 spell: Fireball
  5341 | D:6      | Found a burning altar of Makhleb.
  5342 | D:6      | Found a hide-covered altar of Uskayaw.
  5402 | D:6      | Reached skill level 7 in Fire Magic
  5437 | D:6      | Found an iron altar of Okawaru.
  5458 | D:6      | Found a staircase to the Ecumenical Temple.
  5466 | Temple   | Entered the Ecumenical Temple
  5509 | Temple   | Became a worshipper of Vehumet
  5665 | D:6      | Reached skill level 8 in Fire Magic
  5880 | D:2      | Reached XP level 9. HP: 41/62 MP: 8/18
  6144 | D:6      | Found a glowing silver altar of Zin.
  6299 | D:7      | Reached skill level 9 in Fire Magic
  6555 | D:7      | Reached * piety under Vehumet
  6555 | D:7      | Offered knowledge of Sting by Vehumet.
  6558 | D:7      | Learned a level 1 spell: Sting
  6884 | D:7      | Reached skill level 10 in Fire Magic
  7209 | D:7      | Found a bloodstained altar of Trog.
  7390 | D:7      | Reached skill level 7 in Conjurations
  7764 | D:8      | Reached skill level 8 in Conjurations
  7774 | D:8      | Reached ** piety under Vehumet
  7774 | D:8      | Offered knowledge of Magic Dart by Vehumet.
  7819 | D:8      | Found Kuqypt's Armour Shoppe.
  7822 | D:8      | Found a shattered altar of Ashenzari.
  8408 | D:8      | Reached XP level 10. HP: 51/69 MP: 18/19
  8423 | D:8      | Offered knowledge of Throw Frost by Vehumet.
  8563 | D:8      | Reached skill level 9 in Conjurations
  9076 | D:9      | Found a staircase to the Orcish Mines.
  9131 | D:9      | Noticed a cyclops
  9141 | D:9      | Reached skill level 10 in Conjurations
  9141 | D:9      | HP: 4/69 [cyclops/large rock (30)]
  9145 | D:9      | Hit by a large rock thrown by a cyclops

Vanquished Creatures
  A troll (D:9)
  A hornet (D:8)
  A wyvern (D:8)
  Eustachio (D:6)
  4 orc warriors
  An ice beast (D:7)
  A sky beast (D:6)
  A necrophage (D:7)
  3 ogres
  8 centaurs
  A bullfrog (D:7)
  A gnoll sergeant (D:7)
  3 scorpions
  5 killer bees
  10 wights
  2 howler monkeys
  5 crimson imps
  A centaur zombie (D:7)
  A bullfrog zombie (D:8)
  A bullfrog skeleton (D:2)
  A quasit (D:7)
  2 jellies
  7 orc priests
  9 orc wizards
  6 hounds
  Crazy Yiuf (D:5)
  3 iguanas
  7 worker ants
  A hound zombie (D:5)
  A hound skeleton (D:8)
  Robin (D:4)
  6 gnolls
  A howler monkey skeleton (D:7)
  10 adders
  A white imp (D:7)
  4 oozes
  An adder skeleton (D:9)
  An adder zombie (D:6)
  A worm (D:3)
  A dart slug (D:1)
  4 leopard geckos
  33 orcs
  12 giant cockroaches
  11 goblins
  11 hobgoblins
  19 jackals
  5 quokkas
  2 ball pythons
  8 bats
  7 frilled lizards
  A leopard gecko skeleton (D:7)
  A leopard gecko zombie (D:5)
  A quokka skeleton (D:8)
  4 rats
236 creatures vanquished.
